 Dungeon Crawl Stone Soup version 0.24.0-13-gcf9b319 (webtiles) character file.

Game seed: 7234472130375547145, levelgen mode: deterministic

1313 Fang the Covered (level 8, -3/52 HPs)
             Began as a Gargoyle Fighter on Dec 16, 2019.
             Slain by a gnoll sergeant
             ... wielding a +2 trident of freezing
              (4 damage)
             ... on level 7 of the Dungeon.
             The game lasted 00:06:20 (4045 turns).

Fang the Covered (Gargoyle Fighter)                 Turns: 4045, Time: 00:06:21

Health: -3/52      AC: 19    Str: 27    XL:     8   Next: 58%
Magic:  8/8        EV:  6    Int:  9    God:
Gold:   275        SH: 14    Dex:  9    Spells: 7/7 levels left

rFire    . . .     SeeInvis .   a - +0 war axe
rCold    + . .     Gourm    .   B - +3 shield
rNeg     + . .     Faith    .   b - +0 chain mail
rPois    ∞         Spirit   .   (no helmet)
rElec    +         Reflect  .   f - +2 cloak
rCorr    .         Harm     .   (no gloves)
MR       .....                  (no boots)
Stlth    ..........             (no amulet)
HPRegen  0.17/turn              r - ring of protection from cold
MPRegen  0.11/turn              (no ring)

@: mighty
A: negative energy resistance 1, electricity resistance, unbreathing,
petrification resistance, rot immunity, AC +5
a: no special abilities


You were on level 7 of the Dungeon.
You were hungry.

You visited 1 branch of the dungeon, and saw 7 of its levels.

You collected 275 gold pieces.

Inventory:

Hand Weapons
 a - a +0 war axe (weapon)
Armour
 b - a +0 chain mail (worn)
 f - a +2 cloak (worn)
 B - a +3 shield (worn)
Jewellery
 r - a ring of protection from cold (left hand)
Wands
 m - a wand of paralysis (4)
Scrolls
 h - 2 scrolls of remove curse
 o - a scroll of fog
 q - 2 scrolls of enchant armour
 t - a scroll of teleportation
 y - a scroll of fear
Potions
 d - a potion of might
 e - a potion of cancellation {unknown}
 i - a potion of curing
 j - a potion of mutation
 n - a potion of invisibility
 p - 2 potions of flight
 u - 2 potions of heal wounds {unknown}
 v - 2 potions of haste {unknown}
 w - a potion of agility {unknown}
 x - 2 potions of brilliance {unknown}
Comestibles
 c - 8 rations


   Skills:
 + Level 6.4 Fighting
 + Level 4.9 Axes
 + Level 6.4 Armour
 + Level 6.4 Shields


You had 7 spell levels left.
You didn't know any spells.
Your spell library contained the following spells:

 Spells                   Type           Power        Failure   Level  Hunger
 Animate Skeleton         Necr           N/A          100%        1    ##.....
 Apportation              Tloc           #.....       100%        1    ##.....
 Confusing Touch          Hex            #.....       100%        1    ##.....
 Summon Small Mammal      Summ           #...         100%        1    ##.....


Dungeon Overview and Level Annotations

Branches:
Dungeon (7/15)
 Temple: D:4-7

Altars:
Elyvilon
Yredelemnul

Annotations:
D:6 Dowan, Duvessa


Innate Abilities, Weirdness & Mutations

You are resistant to torment.
Your stone body is resilient. (AC +5)
You are immune to poison.
You resist negative energy. (rN+)
You are resistant to electric shocks. (rElec)
You can survive without breathing.
You are immune to petrification.
You are immune to rotting.


Message History

Your chain mail prevents you from hitting the orc warrior.
The orc warrior is heavily wounded.
You slash the gnoll!
The orc warrior hits you with a +0 flail.
* * * LOW HITPOINT WARNING * * *
The gnoll sergeant hits you but does no damage.
You barely miss the orc warrior.
The orc warrior is heavily wounded.
You barely miss the gnoll. You block the orc warrior's attack.
You block the gnoll sergeant's attack. The gnoll hits you but does no damage.
The orc warrior barely misses you.
The gnoll sergeant hits you but does no damage.
You are too injured to fight recklessly!
You slash the orc warrior!
You kill the orc warrior!
You closely miss the hound. You slash the gnoll!
You kill the gnoll!
The hound bites you but does no damage. x2
The gnoll sergeant hits you from afar with a +2 trident of freezing.
You die...

. ...
##+######....
#............
#...)@.......
#..ghg.......
#..gg........
+.g.....)....
#.........>%.
........######
.........#
.........#


You could see a gnoll sergeant, a hound and 4 gnolls.

Vanquished Creatures
  Menkaure (D:4)
  3 ice beasts
  An orc warrior (D:7)
  A phantom (D:4)
  A centaur (D:6)
  A scorpion (D:6)
  A crimson imp (D:5)
  A hound (D:5)
  2 centaur skeletons (D:4)
  3 orc wizards
  6 worker ants
  2 iguanas (D:5)
  A hound skeleton (D:4)
  A gnoll (D:7)
  6 adders
  2 adder skeletons
  6 worms
  7 dart slugs
  5 leopard geckos
  7 orcs
  8 bats
  3 giant cockroaches
  6 goblins
  4 hobgoblins
  8 jackals
  12 kobolds
  4 quokkas
  5 frilled lizards
  2 leopard gecko skeletons
  A quokka skeleton (D:4)
  4 rats
115 creatures vanquished.

Notes
Turn   | Place    | Note
-------+----------+-------------------------------------------
     0 | D:1      | Fang the Gargoyle Fighter began the quest for the Orb.
     0 | D:1      | Reached XP level 1. HP: 14/14 MP: 1/1
    79 | D:1      | Reached XP level 2. HP: 14/19 MP: 2/2
   401 | D:1      | Reached XP level 3. HP: 23/23 MP: 3/3
   760 | D:2      | Reached XP level 4. HP: 22/29 MP: 4/4
  1473 | D:3      | Reached XP level 5. HP: 33/33 MP: 5/5
  1559 | D:3      | Noticed an ice beast
  1584 | D:3      | Killed an ice beast
  1858 | D:3      | Reached XP level 6. HP: 39/39 MP: 6/6
  2244 | D:4      | Noticed Menkaure
  2252 | D:4      | Killed Menkaure
  2349 | D:4      | Reached skill level 5 in Shields
  2383 | D:4      | Noticed a phantom
  2415 | D:4      | Killed a phantom
  2415 | D:4      | Reached skill level 5 in Fighting
  2415 | D:4      | Reached skill level 5 in Armour
  2415 | D:4      | Reached XP level 7. HP: 41/44 MP: 7/7
  2920 | D:5      | Entered Level 5 of the Dungeon
  3316 | D:5      | Found a white marble altar of Elyvilon.
  3364 | D:5      | Reached XP level 8. HP: 49/51 MP: 8/8
  3515 | D:5      | Found a basalt altar of Yredelemnul.
  4006 | D:6      | Noticed Dowan
  4007 | D:6      | Noticed Duvessa
  4043 | D:7      | HP: 1/51 [orc warrior/+0 flail (6)]
  4045 | D:7      | Slain by a gnoll sergeant

Levels and vault maps discovered:
D:1:      doesnt_arrival_eight_statues, layout_loops_ring, minmay_liquid_box
D:2:      layout_rooms, st_stairs_2, minmay_crystal_room
D:3:      layout_basic
D:4:      layout_loops_ring, first_ration, minmay_misc_feat_encased,
          uniq_menkaure
D:5:      layout_basic, basic_altar, elyvilon_altar_3
D:6:      layout_basic, uniq_duvessa
D:7:      layout_gridville, nemelex_xobeh_ov_fountains_minmay,
          lightli_temple_of_fire, minmay_temple_entry_statues_pillars,
          gammafunk_ghost_berserking_beasts, the_bakery, minmay_nine_imps

Skill      XL: |  1  2  3  4  5  6  7  8 |
---------------+-------------------------+-----
Axes           | 2 3 4 |  4.9
Shields        | 4 5 6 |  6.4
Armour         | 4 5 6 |  6.4
Fighting       | 4 5 6 |  6.4

Action                   |  1- 3 |  4- 6 |  7- 9 || total
-------------------------+-------+-------+-------++-------
Melee: War axe           |    92 |   244 |   217 ||   553
  Use: Scroll            |       |     4 |    13 ||    17
       Potion            |       |       |     2 ||     2
  Eat: Chunk             |       |     6 |     5 ||    11
Armor: Scale mail        |    42 |    10 |       ||    52
       Chain mail        |       |   122 |   112 ||   234
Dodge: Dodged            |    31 |    50 |    43 ||   124
Block: Shield            |    43 |   192 |   180 ||   415
